 Dungeon Crawl Stone Soup version 0.29.1-15-g9cfb28693d (webtiles) character file.

Game seed: 2678382549546620617

40 hawla the Firebug (level 4, 0/33 HPs)
             Began as a Meteoran Fire Elementalist on Mar 28, 2023.
             Slain by a gnoll
             ... wielding a +0 halberd
              (11 damage)
             ... on level 2 of the Dungeon.
             The game lasted 00:03:05 (591 turns).

hawla the Firebug (Meteoran Fire Elementalist)       Turns: 591, Time: 00:03:07

Health: 0/33       AC:  2    Str: 10    XL:     4   Next: 0%
Magic:  4/9        EV: 12    Int: 18    God:
Gold:   105        SH:  0    Dex: 14    Spells: 6/9 levels left

rFire   . . .      SeeInvis .   (no weapon)
rCold   . . .      Faith    .   (no shield)
rNeg    . . .      Spirit   .   a - +0 robe
rPois   .          Reflect  .   (no helmet)
rElec   .          Harm     .   (no cloak)
rCorr   .          Rampage  .   (no gloves)
Will    .....                   (no boots)
Stlth   +.........              (no amulet)
HPRegen 0.11/turn               (no ring)
MPRegen 0.11/turn               (no ring)

@: lethally poisoned (0 -> -5), very slightly contaminated, glowing
A: sense surroundings 1, otherworldly, glowing, explore regen
a: no special abilities


You were on level 2 of the Dungeon.
You visited 1 branch of the dungeon, and saw 2 of its levels.

You collected 105 gold pieces.

Inventory:

Armour
 a - a +0 robe (worn)
Jewellery
 c - a +6 ring of dexterity
Scrolls
 d - a scroll of identify {unknown}
 i - a scroll of teleportation {unknown}
Potions
 e - a potion of ambrosia {unknown}
 f - a potion of curing {unknown}
 g - a potion of brilliance {unknown}
 h - 2 potions of haste {unknown}
 j - 2 potions of mutation {unknown}


   Skills:
 + Level 2.6 Dodging
 - Level 1.4 Stealth
 + Level 3.3 Spellcasting
 + Level 2.0 Conjurations
 + Level 4.5 Fire Magic


You had 6 spell levels left.
You knew the following spells:

 Your Spells              Type           Power      Damage    Failure   Level
a - Foxfire               Conj/Fire      56%        2x1d6     4%          1
b - Scorch                Fire           38%        2d6       3%          2

Your spell library contained the following spells:

 Spells                   Type           Power      Damage    Failure   Level
 Conjure Flame            Conj/Fire      14%        6-21      12%         3
 Inner Flame              Hex/Fire       11%        N/A       19%         3
 Flame Wave               Conj/Fire      14%        2d6       38%         4
 Summon Cactus Giant      Summ           1%         N/A       100%        6


Dungeon Overview and Level Annotations

Branches:
Dungeon (2/15) Zot: 608

Altars:
Gozag


Innate Abilities, Weirdness & Mutations

You passively map a small area around you.
You are easily found by Zot.
You glow in the dark.
You regain HP and MP as you explore.


Message History

Confirm with . or Enter, or press ? or * to list all spells.
Flames lash the adder.
The adder is severely wounded.
The adder's fire resistance burns away.
You feel sick.
The foxfire hits the adder.
The adder is severely wounded.
The foxfire hits the adder.
The adder is moderately wounded.
The goblin hits you but does no damage. The gnoll barely misses you.
The adder bites you. x2
Casting: Scorch (safe; 3% risk of failure)
Confirm with . or Enter, or press ? or * to list all spells.
You conjure some foxfire!
You feel sick. The adder closely misses you. The goblin barely misses you.
The gnoll misses you. The adder closely misses you.
Magic courses through your body.
You feel sick.
The gnoll shouts!
The foxfire hits the adder.
The adder is burned terribly!
You kill the adder!
The foxfire hits the adder.
The adder is heavily wounded.
The goblin barely misses you. The gnoll completely misses you.
The adder bites you.
You are more poisoned.
The adder poisons you!
Your Conjurations skill increases to level 2!
Casting: Foxfire (safe; 4% risk of failure)
Confirm with . or Enter, or press ? or * to list all spells.
Flames lash the goblin.
You kill the goblin!
You feel sick. The adder barely misses you. The gnoll barely misses you.
The adder bites you but does no damage.
You have reached level 4!
Casting: Scorch (safe; 3% risk of failure)
Confirm with . or Enter, or press ? or * to list all spells.
You miscast Scorch.
You are very lightly contaminated with residual magic.
Nothing appears to happen.
You feel sick.
The gnoll hits you from afar with a +0 halberd!
You die...

.......#.##* ...#.#....
.##,*.###.. *
.....#.#.####.. .....#
.......#....#.# ......
...#<.......#.# *.._..#
* ........###.#.###.....
...#..#..##..........,
.....###)..#..g).###.###
...........gg..S@......#
............>..#!....###
......###..g...#.....#
......# #......#...###
......###.#.........#
...g...#..#.........#
.........$..........#
........###.........#
.........#######*


You could see 4 gnolls and an adder.

Vanquished Creatures
  An adder (D:2)
  4 bats (D:1)
  4 endoplasms (D:1)
  2 giant cockroaches (D:1)
  5 goblins
  4 hobgoblins
  A quokka (D:1)
  A frilled lizard (D:1)
  3 kobolds
  2 rats (D:1)
27 creatures vanquished.

Vanquished Creatures (others)
  52 foxfires
52 creatures vanquished.

Grand Total: 79 creatures vanquished

Notes
Turn   | Place    | Note
-------+----------+-------------------------------------------
     0 | D:1      | hawla the Meteoran Fire Elementalist began the quest for
                  | the Orb.
     0 | D:1      | Reached XP level 1. HP: 14/14 MP: 5/5
    51 | D:1      | Reached XP level 2. HP: 15/20 MP: 2/6
    61 | D:1      | Learned a level 2 spell: Scorch
    84 | D:1      | Reached skill level 4 in Fire Magic
   256 | D:1      | Reached XP level 3. HP: 26/26 MP: 3/8
   579 | D:2      | Found an opulent altar of Gozag.
   591 | D:2      | Reached XP level 4. HP: 13/33 MP: 6/9
   591 | D:2      | Slain by a gnoll

Illustrated notes

Levels and vault maps discovered:
D:1:      psy_arrival_statuary, layout_basic,
          shapermc_ecumenical_altar_totnotflames
D:2:      layout_rooms, basic_altar

Skill      XL: |  1  2  3 |
---------------+----------+-----
Spellcasting   | 3 |  3.3
Fire Magic     | 4 |  4.5
Conjurations   | 2 |  2.0
Dodging        | |  2.6
Stealth        | |  1.4

Action                   |  1- 3 |  4- 6 || total
-------------------------+-------+-------++-------
Melee: Unarmed           |    10 |       ||    10
 Cast: Foxfire           |    31 |       ||    31
       Scorch            |     6 |       ||     6
  Use: Potion            |     1 |       ||     1
Armor: Robe              |    12 |       ||    12
Dodge: Dodged            |    26 |       ||    26
